 Dungeon Crawl Stone Soup version 0.30-a0-639-g3916f1956a (webtiles) character file.

Game seed: 3923325459835037638

374 voltaire321 the Digger (level 6, -1/36 HPs)
             Began as a Gargoyle Earth Elementalist on Jan 16, 2023.
             Slain by an ufetubus (2 damage)
             ... on level 5 of the Dungeon on Jan 17, 2023.
             The game lasted 00:14:45 (3890 turns).

voltaire321 the Digger (GrEE)                       Turns: 3890, Time: 00:14:46

Health: -1/36      AC: 13    Str: 11    XL:     6   Next: 72%
Magic:  10/10      EV: 10    Int: 18    God:
Gold:   161        SH:  0    Dex: 10    Spells: 4/10 levels left

rFire   . . .      SeeInvis .    t - +7 club
rCold   . . .      Faith    .    (no shield)
rNeg    + . .      Spirit   .    s - +0 ring mail
rPois   ∞          Reflect  .    r - +0 helmet
rElec   +          Harm     .    f - +1 cloak
rCorr   .          Rampage  .    (no gloves)
Will    .....                    (no boots) Stlth
                                 (no amulet)
HPRegen 0.26/turn                (no ring)
MPRegen 0.12/turn                (no ring)

@: confused, mighty, studying Shields
A: sickness immunity, AC +4, negative energy resistance 1, electricity
resistance, torment resistance 1, petrification resistance
a: no special abilities


You were on level 5 of the Dungeon.
You visited 2 branches of the dungeon, and saw 6 of its levels.

You collected 161 gold pieces.

Inventory:

Hand Weapons
 j - a +4 spear
 t - a +7 club (weapon)
Missiles
 y - 2 curare-tipped darts
Armour
 f - a +1 cloak (worn)
 r - a +0 helmet (worn)
 s - a +0 ring mail (worn)
Jewellery
 i - a ring of flight
 E - a +6 ring of intelligence
Wands
 w - a wand of charming (1)
 A - a wand of polymorph (9)
 B - a wand of mindburst (3)
Scrolls
 c - a scroll of teleportation
 d - a scroll of noise {unknown}
 e - 3 scrolls of identify
 l - a scroll of torment {unknown}
 m - a scroll of brand weapon {unknown}
 o - a scroll of fog {unknown}
 p - a scroll of enchant armour {unknown}
 q - a scroll of amnesia {unknown}
 z - a scroll of poison {unknown}
 D - a scroll of magic mapping {unknown}
Potions
 b - a potion of magic
 g - a potion of haste {unknown}
 h - a potion of attraction {unknown}
 k - a potion of brilliance {unknown}
 n - a potion of cancellation {unknown}
 u - 2 potions of heal wounds {unknown}
 v - a potion of flight {unknown}
 x - a potion of mutation {unknown}
 C - a potion of degeneration {unknown}


   Skills:
 + Level 2.4 Fighting
 * Level 1.8 Maces & Flails
 + Level 2.4 Armour
 + Level 2.5 Dodging
 - Level 2.1 Stealth
 + Level 2.9 Spellcasting
 + Level 1.5 Conjurations
 - Level 2.0 Transmutations
 + Level 4.5 Earth Magic


You had 4 spell levels left.
You knew the following spells:

 Your Spells              Type           Power      Damage    Failure   Level
a - Sandblast             Erth           38%        2d10      6%          1
b - Passwall              Tmut/Erth      11%        N/A       16%         2
c - Stone Arrow           Conj/Erth      26%        3d8       32%         3

Your spell library contained the following spells:

 Spells                   Type           Power      Damage    Failure   Level
 Slow                     Hex            8%         N/A       36%         1
 Petrify                  Tmut/Erth      14%        N/A       69%         4
 Confusing Touch          Hex            2%         N/A       75%         3
 Vampiric Draining        Necr           2%         2d6       75%         3


Dungeon Overview and Level Annotations

Branches:
Dungeon (5/15)             Temple (1/1) D:4

Altars:
Ashenzari
Cheibriados
Elyvilon
Fedhas
Gozag
Hepliaklqana
Kikubaaqudgha
Nemelex Xobeh
Okawaru
Qazlal
Ru
Sif Muna
Uskayaw
Vehumet
Wu Jian
The Shining One

Shops:
D:2 (


Innate Abilities, Weirdness & Mutations

You are immune to sickness and miasma.
Your stone body is resilient. (AC +4)
You are immune to poison.
You resist negative energy. (rN+)
You are resistant to electric shocks. (rElec)
You are resistant to unholy torment.
You are immune to petrification.


Message History

You feel strangely unstable.
It was a scroll of teleportation.
You climb upwards.
Your surroundings suddenly seem different.
There is a stone staircase leading down here.
You climb downwards.
The ufetubus shouts!
The orc wizard shouts!
The orc priest shouts!
The orc shouts! x2
An orc comes into view. It is wielding a +0 short sword.
The orc barely misses you. x2
The orc wizard casts a spell.
The orc wizard flickers and vanishes!
Deactivating autopickup; reactivate with Ctrl-A.
You hear an angry hiss.
There is a stone staircase leading up here.
You are confused.
The orc hits you with a +0 flail. The orc closely misses you.
The orc priest calls down the wrath of Beogh upon you.
Pain shoots through your body!
In your confused state, you trip and fall back down the stairs.
The hound barks!
An adder comes into view.
The orc hits you but does no damage. The orc barely misses you.
You feel very mighty all of a sudden. The orc closely misses you.
The orc completely misses you.
You barely miss the orc. The ufetubus barely misses you. x2
The hound bites you but does no damage. The ufetubus barely misses you.
The ufetubus closely misses you. The hound bites you but does no damage.
The orc hits you from afar with a +0 trident.
You thump something!
The ufetubus hits you but does no damage.
The ufetubus misses you. The hound bites you. The orc barely misses you.
The orc hits you but does no damage. Something hits you but does no damage.
The ufetubus hits you but does no damage. x2
The hound closely misses you. Something hits you but does no damage.
Found a short sword.
The orc priest invokes the aid of Beogh against you.
Beogh smites you!
* * * LOW HITPOINT WARNING * * *
The ufetubus hits you.
You die...

#... ..
....##.## .#
........# .#
........###.##
...$.........
>..oo..#.##
#..##.ooo...#
.......5h.[#
#..###S.@..#
#.#.#.# .....#
# #......
#.##.### #. #)
#. #. ..


You could see a hound, an orc priest, an adder, 4 orcs and an ufetubus.

Vanquished Creatures
  A kobold brigand (D:4)
  A jelly (D:4)
  2 iguanas (D:4)
  Jessica (D:3)
  Ijyb (D:3)
  2 orc wizards (D:4)
  An adder (D:2)
  2 worms (D:2)
  3 dart slugs
  9 orcs
  5 ball pythons
  3 endoplasms
  6 giant cockroaches
  11 goblins
  12 hobgoblins
  8 kobolds
  4 quokkas
  4 bats
  5 frilled lizards
  6 rats
87 creatures vanquished.

Notes
Turn   | Place    | Note
-------+----------+-------------------------------------------
     0 | D:1      | voltaire321 the Gargoyle Earth Elementalist began the quest
                  | for the Orb.
     0 | D:1      | Reached XP level 1. HP: 10/10 MP: 3/3
   132 | D:1      | Reached skill level 1 in Transmutations
   132 | D:1      | Reached XP level 2. HP: 16/16 MP: 1/5
   608 | D:1      | Reached skill level 1 in Armour
   657 | D:1      | Reached XP level 3. HP: 20/20 MP: 4/6
   716 | D:1      | Reached skill level 1 in Fighting
  1304 | D:2      | Found a broken altar of Ashenzari.
  1317 | D:2      | Reached skill level 4 in Earth Magic
  1537 | D:2      | Reached XP level 4. HP: 25/25 MP: 5/7
  1802 | D:2      | Found Ceitidy's Antique Weapon Shop.
  2262 | D:3      | Learned a level 2 spell: Passwall
  2266 | D:3      | Learned a level 3 spell: Stone Arrow
  2274 | D:3      | Noticed Jessica
  2277 | D:3      | Killed Jessica
  2398 | D:3      | Found a hide-covered altar of Uskayaw.
  2531 | D:3      | Reached XP level 5. HP: 29/29 MP: 8/8
  2600 | D:3      | Noticed Ijyb
  2617 | D:3      | Killed Ijyb
  2959 | D:4      | Reached skill level 1 in Maces & Flails
  3005 | D:4      | Reached skill level 1 in Conjurations
  3005 | D:4      | Reached XP level 6. HP: 35/35 MP: 7/10
  3057 | D:4      | Found a staircase to the Ecumenical Temple.
  3100 | Temple   | Entered the Ecumenical Temple
  3734 | D:4      | Found a white marble altar of Elyvilon.
  3734 | D:4      | Found an ancient bone altar of Kikubaaqudgha.
  3819 | D:5      | Entered Level 5 of the Dungeon
  3890 | D:5      | HP: 1/36 [orc priest/divine providence (17)]
  3890 | D:5      | Slain by an ufetubus

Illustrated notes

Levels and vault maps discovered:
D:1:      dpeg_arrival_more_subterranean_lakeside_camping, layout_basic
D:2:      layout_loops_cross, serial_shops, nicolae_shop_hallway_plus,
          basic_altar
D:3:      layout_loops_ring, eat_drink_and_be_merry_uskayaw,
          chequers_mini_garden, minmay_tree_intersection, uniq_ijyb,
          uniq_jessica
D:4:      nicolae_BIG_FREAKIN_CUBE, layout_rooms,
          nicolae_overflow_two_pavilions, minmay_manual_mess
D:5:      layout_basic, mainiacjoe_overflow_boulevard, serial_shops, shop,
          minmay_manual_mandibuliform, uniq_edmund
Temple:   hellmonk_temple_forest_ring

Skill      XL: |  1  2  3  4  5  6 |
---------------+-------------------+-----
Transmutations | 1 2 |  2.0
Armour         | 1 2 |  2.4
Fighting       | 1 2 |  2.4
Earth Magic    | 4 |  4.5
Dodging        | 2 |  2.5
Maces & Flails | 1 |  1.8
Conjurations   | 1 |  1.5
Stealth        | |  2.1
Spellcasting   | |  2.9

Action                   |  1- 3 |  4- 6 || total
-------------------------+-------+-------++-------
Melee: Dagger            |     6 |       ||     6
       Spear             |     9 |    14 ||    23
       Club              |       |    87 ||    87
       Punch             |       |     1 ||     1
 Cast: Sandblast         |    55 |    40 ||    95
  Use: Scroll            |       |     2 ||     2
       Potion            |       |     1 ||     1
Armor: Robe              |    12 |     3 ||    15
       Ring mail         |       |    69 ||    69
Dodge: Dodged            |    21 |    58 ||    79

Table legend: (Time is in decaauts)
 A = Elapsed time spent in this place.
 B = Non-inter-level travel time spent in this place.
 C = Inter-level travel time spent in this place.
 D = Time resting spent in this place.
 E = Time spent auto-exploring this place.
 F = Levels seen in this place.
 G = Mean time per level.
                   A        B        C        D        E       F      G
               +--------+--------+--------+--------+--------+-----+--------+
         Total |   3961 |   3708 |    253 |    137 |   2756 |   6 |  660.2 |
       Dungeon |   3740 |   3538 |    202 |    137 |   2621 |   5 |  748.0 |
        Temple |    221 |    170 |     51 |      0 |    135 |   1 |  221.0 |
               +--------+--------+--------+--------+--------+-----+--------+

Top non-repeatable levels by time:
     D:1: 1151 daAuts
     D:2: 955 daAuts
     D:3: 848 daAuts
     D:4: 771 daAuts
  Temple: 221 daAuts
     D:5: 12 daAuts
